 Seeded DCSS version 0.27.1-3-gb3d3a73c9e (webtiles) character file.

Game seed: 20211022 (custom seed)

11 jessy the Cudgeller (level 2, 0/18 HPs)
             Began as a Gargoyle Gladiator on Oct 22, 2021.
             Frozen to death by an endoplasm (2 damage)
             ... on level 1 of the Dungeon.
             The game lasted 00:01:22 (343 turns).

jessy the Cudgeller (Gargoyle Gladiator)             Turns: 343, Time: 00:01:23

Health: 0/18       AC: 11    Str: 17    XL:     2   Next: 25%
Magic:  2/2        EV:  7    Int:  8    God:
Gold:   8          SH:  0    Dex: 11    Spells: 1/1 levels left

rFire    . . .     SeeInvis .   a - +0 flail
rCold    . . .     Faith    .   (no shield)
rNeg     + . .     Spirit   .   e - +0 chain mail
rPois    ∞         Reflect  .   c - +0 helmet
rElec    +         Harm     .   (no cloak)
rCorr    .         Rampage  .   (no gloves)
Will     .....                  (no boots)
Stlth    ..........             (no amulet)
HPRegen  0.06/turn              (no ring)
MPRegen  0.08/turn              (no ring)

@: no status effects
A: sickness immunity, AC +2, negative energy resistance 1, electricity
resistance, torment resistance 1, petrification resistance
a: no special abilities


You were on level 1 of the Dungeon.
You visited 1 branch of the dungeon, and saw 1 of its levels.

You collected 8 gold pieces.

Inventory:

Hand Weapons
 a - a +0 flail (weapon)
Missiles
 d - 3 throwing nets (quivered)
Armour
 b - a +0 leather armour
 c - a +0 helmet (worn)
 e - a +0 chain mail (worn)


   Skills:
 + Level 2.3 Fighting
 + Level 3.2 Maces & Flails
 + Level 1.9 Throwing
 + Level 2.6 Dodging


You had one spell level left.
You didn't know any spells.
Your spell library was empty.

Dungeon Overview and Level Annotations

Branches:
Dungeon (1/15)

Altars:


Innate Abilities, Weirdness & Mutations

You are immune to sickness and miasma.
Your stone body is resilient. (AC +2)
You are immune to poison.
You resist negative energy. (rN+)
You are resistant to electric shocks. (rElec)
You are resistant to unholy torment.
You are immune to petrification.


Message History

The kobold barely misses you.
The quokka bites you but does no damage.
You closely miss the quokka. The quokka barely misses you.
The kobold hits you but does no damage. The quokka barely misses you.
The kobold closely misses you.
You sock the quokka!
You kill the quokka!
The kobold hits you but does no damage. x2
You barely miss the kobold. The kobold hits you but does no damage.
The kobold barely misses you.
You miss the kobold.
The kobold hits you but does no damage. x2
You barely miss the kobold. The kobold barely misses you.
The kobold hits you but does no damage. The kobold hits you with a +0 dagger.
* * * LOW HITPOINT WARNING * * *
You hit the kobold but do no damage.
The kobold hits you but does no damage. x2
The kobold hits you with a +1 short sword of venom.
* * * LOW HITPOINT WARNING * * *
You sock the kobold!
You kill the kobold!
The kobold closely misses you.
An endoplasm comes into view.
The endoplasm quivers.
The kobold hits you with a +0 dagger.
* * * LOW HITPOINT WARNING * * *
An endoplasm comes into view.
Things that are here:
a +1 short sword of venom; a stone The endoplasm quivers.
You hit the kobold.
You kill the kobold!
Things that are here:
a +0 dagger; a stone
Things that are here:
a +1 short sword of venom; a stone The endoplasm freezes you.
You are frozen.
* * * LOW HITPOINT WARNING * * *
The endoplasm freezes you.
You are frozen.
You die...

........#..#.###...#.# #.#
.[......##...........##..#
.....##.#.#..........#...##
..... #.#....#........>....
..... #.#>.##.##.#.....####
#### #.############.......
#..#...........######
##...........#..# #..
###@.J......##.# ..#
#.J.......##.##.##
###.....#..#.#....
#..#####.)...#.. #..#
##)†..... #..# ##..##..
.... #..# . ..#.## #...#
..##.# #.#...


You could see 2 endoplasms.

Vanquished Creatures
  A ball python (D:1)
  An endoplasm (D:1)
  A giant cockroach (D:1)
  A hobgoblin (D:1)
  2 quokkas (D:1)
  A bat (D:1)
  2 kobolds (D:1)
  A rat (D:1)
10 creatures vanquished.

Notes
Turn   | Place    | Note
-------+----------+-------------------------------------------
     0 | D:1      | jessy the Gargoyle Gladiator began the quest for the Orb.
     0 | D:1      | Reached XP level 1. HP: 12/12 MP: 1/1
   307 | D:1      | Reached XP level 2. HP: 17/17 MP: 2/2
   343 | D:1      | Frozen to death by an endoplasm

Illustrated notes

Levels and vault maps discovered:
D:1:      minmay_arrival_jagged, layout_rooms,
          ebering_ecumenical_altar_sacrificial, serial_corexii_hall,
          chequers_hall_statues_wall_a, corexii_hall_statues_s,
          corexii_hall_statues_l, chequers_hall_statues_corner_a, minmay_tripent

Action                   || total
-------------------------++-------
Melee: Flail             ||    33
Armor: Chain mail        ||    41
Dodge: Dodged            ||    29
